[Event "Team 45 45 League T26"]
[Site "Internet Chess Club"]
[Date "2005.04.24"]
[Round "6"]
[White "Edinburgh"]
[Black "BenjaminSisko"]
[Result "1/2-1/2"]
[WhiteElo "1583"]
[BlackElo "1674"]
[TimeControl "2700+45"]

1. e4 e5 2. Nf3 Nc6 3. d4 exd4 4. Nxd4 Nf6 5. Nxc6 bxc6 6. e5 Nd5 7. c4 Nb6 8.
Bd3 Ba6 9. b3 d5 10. Nd2 dxc4 11. Nxc4 Nxc4 12. Bxc4 Qxd1+ 13. Kxd1 O-O-O+ 14.
Ke2 Bxc4+ 15. bxc4 Bc5 16. Bf4 Rhe8 17. Rhd1 f6 18. Rxd8+ Kxd8 19. Rd1+ Kc8 20.
Be3 Rxe5 21. Rd3 a5 22. f4 Re6 23. Kf3 Bxe3 24. Rxe3 Kd7 25. Rxe6 Kxe6 26. Ke4
f5+ 27. Kd4 Kd6 28. c5+ Ke6 29. h3 h6 30. a4 g5 31. fxg5 hxg5 32. g4 Kf6 33.
gxf5 Kxf5 34. Ke3 Ke5 35. Kf3 Kf5 36. Kg3 Kg6 37. Kg4 Kf6 38. Kg3 Kf5 39. Kf3
Ke5 40. Kg4 Kf6 41. Kg3 Kf5 42. Kf3 Ke5 43. Kg4 Kf6 {Game drawn by repetition}
1/2-1/2

[Event "Team 45 45 League T26"]
[Site "Internet Chess Club"]
[Date "2005.04.21"]
[Round "6"]
[White "Pilgrim"]
[Black "KaissaXiaolin"]
[Result "1/2-1/2"]
[WhiteElo "1594"]
[BlackElo "1520"]
[TimeControl "2700+45"]

1. e4 d5 2. exd5 Nf6 3. d4 Bg4 4. Nf3 Qxd5 5. Be2 Nc6 6. c4 Qd7 7. d5 Bxf3 8.
Bxf3 Ne5 9. Be2 e6 10. Bf4 Bd6 11. dxe6 fxe6 12. c5 Nd3+ 13. Qxd3 Bxf4 14. Qxd7+
Nxd7 15. Bg4 Nxc5 16. Nc3 e5 17. Nd5 Nd3+ 18. Ke2 Rd8 19. Nxc7+ Ke7 20. b3 e4
21. Ne6 Rd6 22. Nxf4 Nxf4+ 23. Ke3 Nxg2+ 24. Kxe4 Rhd8 25. Kf3 Nh4+ 26. Kg3 Ng6
27. Rhe1+ Kf8 28. Rac1 Rd3+ 29. f3 Rd2 30. a4 Rb2 31. Be6 Rdd2 32. Rc8+ Ke7 33.
Bf5+ Kf6 34. Bxg6 Rg2+ 35. Kf4 Kxg6 36. Re3 Rxh2 37. Rc7 Rh4+ 38. Kg3 Rb4 39.
Re6+ Kf5 40. Ree7 R2xb3 41. Rxg7 Rxa4 42. Rcf7+ Ke6 43. Re7+ Kd6 44. Rd7+ Ke6
45. Rde7+ Kd6 46. Rd7+ Ke6 47. Rde7+ {Game drawn by repetition} 1/2-1/2

[Event "Team 45 45 League T26"]
[Site "Internet Chess Club"]
[Date "2005.04.22"]
[Round "6"]
[White "mSed84"]
[Black "Smart"]
[Result "1-0"]
[WhiteElo "1738"]
[BlackElo "1599"]
[TimeControl "2700+45"]

1. e4 c5 2. Nf3 d6 3. d4 cxd4 4. Nxd4 Nf6 5. Nc3 Nc6 6. Be3 g6 7. Qd2 Bg7 8. h3
O-O 9. f4 Nh5 10. Nde2 Nf6 11. g4 a6 12. f5 b5 13. g5 Nh5 14. fxg6 fxg6 15. Qd5+
Rf7 16. Qxc6 Bd7 17. Qb6 Qc8 18. O-O-O Rb8 19. Qa5 b4 20. Nd5 Rb5 21. Qc7 a5 22.
Qxc8+ Bxc8 23. Nef4 Ng3 24. Bxb5 Nxh1 25. Rxh1 Be5 26. Nd3 Bg3 27. Bc4 Kf8 28.
Nb6 Rf3 29. Bd2 Bb7 30. Bd5 Ba6 31. Ne1 Rf2 32. Bc4 Bb7 33. Rf1 Bxe4 34. Rxf2+
Bxf2 35. Bd3 Bxd3 36. Nd7+ Ke8 37. Nxd3 Kxd7 38. Nxf2 {Black resigns} 1-0

[Event "Team 45 45 League T26"]
[Site "Internet Chess Club"]
[Date "2005.04.22"]
[Round "6"]
[White "rabanito"]
[Black "scyther314159"]
[Result "0-1"]
[WhiteElo "1411"]
[BlackElo "1521"]
[TimeControl "2700+45"]

1. e4 e5 2. Nf3 Nc6 3. Bb5 a6 4. Ba4 Nf6 5. O-O b5 6. Bb3 Bb7 7. Re1 Bc5 8. h3
d6 9. c3 O-O 10. d4 Bb6 11. Bg5 h6 12. Bh4 Na5 13. Bc2 exd4 14. cxd4 c5 15. dxc5
dxc5 16. Nbd2 c4 17. e5 Bxf3 18. gxf3 g5 19. Bxg5 hxg5 20. exf6 Qxf6 21. Ne4 Qh6
22. Kg2 Ra7 23. Ng3 Rd8 24. Qxd8+ Bxd8 25. Re8+ Qf8 26. Bh7+ Kxh7 27. Rxf8 Bf6
28. Re1 Bxb2 29. Ree8 Bg7 30. Rg8 c3 31. Nf5 f6 32. Rxg7+ Rxg7 33. Nxg7 Kxg7 34.
Re1 b4 35. Rc1 Nc4 36. Kf1 Kg6 37. Ke2 Nb2 38. Ke3 Kf5 39. Rc2 Ke5 40. Rc1 f5
41. f4+ gxf4+ 42. Kf3 Nd3 43. h4 Nxc1 44. h5 Nd3 45. h6 Kd4 46. h7 Ne5+ 47. Ke2
f3+ 48. Kd1 Ng6 49. Kc2 Kc4 50. Kd1 Kd3 51. Kc1 a5 52. h8=Q Nxh8 53. a3 b3 54.
a4 Ke2 55. Kb1 Kxf2 {White resigns} 0-1

[Event "Team 45 45 League T26"]
[Site "Internet Chess Club"]
[Date "2005.04.25"]
[Round "6"]
[White "MrAnderssen"]
[Black "rayngrant"]
[Result "0-1"]
[WhiteElo "1664"]
[BlackElo "1616"]
[TimeControl "2700+45"]

1. e4 e5 2. Nf3 Nc6 3. Bc4 Nf6 4. Ng5 d5 5. exd5 b5 6. Bxb5 Qxd5 7. Bxc6+ Qxc6
8. O-O Bd6 9. d4 O-O 10. dxe5 Bxe5 11. Nf3 Bd6 12. Nc3 Ba6 13. Re1 Rad8 14. Bd2
Bc5 15. Ne2 Bb7 16. c3 Ng4 17. Rf1 Rd6 18. Qc2 Rfd8 19. Bf4 Rd3 20. Rad1 Nxf2
21. Rxf2 Rxd1+ {White resigns} 0-1

[Event "Team 45 45 League T26"]
[Site "Internet Chess Club"]
[Date "2005.04.24"]
[Round "6"]
[White "crapalot"]
[Black "Thersites"]
[Result "1-0"]
[WhiteElo "1609"]
[BlackElo "1672"]
[TimeControl "2700+45"]

1. d4 Nf6 2. Nf3 d5 3. Bg5 e6 4. e3 c5 5. c3 Be7 6. Nbd2 Nc6 7. Bb5 a6 8. Bxc6+
bxc6 9. Qa4 Bd7 10. Ne5 cxd4 11. cxd4 c5 12. Nxd7 Qxd7 13. Qxd7+ Kxd7 14. dxc5
Bxc5 15. Bxf6 gxf6 16. Nb3 Bd6 17. Ke2 Be5 18. Nc5+ Kd6 19. Nd3 Rab8 20. Rab1
Rhc8 21. Kd2 f5 22. Nxe5 Kxe5 23. b3 f4 24. exf4+ Kxf4 25. Rbc1 Ke4 26. f3+ Kd4
27. Rhd1 f5 28. Rxc8 Rxc8 29. Ke2+ Ke5 30. Kd2 Kd4 31. Ke2+ Ke5 32. Rd2 Rc3 33.
Kd1 d4 34. Rc2 Kd5 35. Rxc3 dxc3 36. Kc2 Kd4 37. f4 a5 38. g3 h6 39. a4 h5 40.
h4 e5 41. fxe5 Kxe5 42. Kxc3 f4 43. gxf4+ Kxf4 44. b4 Kg4 45. bxa5 Kxh4 46. a6
Kg3 47. a7 h4 48. a8=Q h3 49. Qh8 h2 50. a5 h1=Q 51. Qxh1 {Black resigns} 1-0

[Event "Team 45 45 League T26"]
[Site "Internet Chess Club"]
[Date "2005.04.23"]
[Round "6"]
[White "Two-DogMan"]
[Black "Millwright"]
[Result "0-1"]
[WhiteElo "1513"]
[BlackElo "1372"]
[TimeControl "2700+45"]

1. e4 e6 2. d4 d5 3. Nc3 c5 4. Be3 cxd4 5. Bxd4 Nc6 6. exd5 exd5 7. Nf3 Nf6 8.
Be2 Nxd4 9. Qxd4 a6 10. O-O Bd6 11. Nxd5 Nxd5 12. Qxd5 Bxh2+ 13. Nxh2 Qxd5 14.
Rfd1 Qc6 15. Bd3 O-O 16. Re1 Be6 17. Re4 b5 18. Rh4 h6 19. b3 Qc3 20. Rb1 Rfe8
21. Re4 Bd5 22. Rxe8+ Rxe8 23. Nf3 Bxf3 24. gxf3 Re1+ 25. Rxe1 Qxe1+ 26. Kg2 Qa5
27. a4 bxa4 28. bxa4 Qxa4 29. c4 Qc6 30. Kg3 a5 31. Kf4 a4 {White resigns} 0-1

[Event "Team 45 45 League T26"]
[Site "Internet Chess Club"]
[Date "2005.04.24"]
[Round "6"]
[White "Gomer"]
[Black "sdcohle"]
[Result "0-1"]
[WhiteElo "1298"]
[BlackElo "1338"]
[TimeControl "2700+45"]

1. e4 c5 2. Nc3 d6 3. Nf3 Nf6 4. Bb5+ Bd7 5. O-O g6 6. d3 Bg7 7. Qe2 O-O 8. e5
dxe5 9. Nxe5 Bxb5 10. Nxb5 a6 11. Nc3 Qc7 12. Nd5 Qd6 13. Nxf6+ Bxf6 14. Nc4 Qc7
15. c3 b5 16. Ne3 Nc6 17. Nd5 Qd6 18. Nxf6+ Qxf6 19. Be3 Qe5 20. Rad1 Rad8 21.
Qf3 Nb8 22. d4 cxd4 23. Bxd4 Qd5 24. Qe3 Nc6 25. Rd3 Nxd4 26. Rxd4 Qb7 27. Rfd1
Rxd4 28. Rxd4 Re8 29. Qd3 Qc8 30. h4 h5 31. c4 bxc4 32. Rxc4 Qb8 33. b3 Rd8 34.
Rd4 Rc8 35. g3 Qb7 36. Rd8+ Kh7 37. Qd4 Rc1+ {White resigns} 0-1

[Event "Team 45 45 League T26"]
[Site "Internet Chess Club"]
[Date "2005.04.25"]
[Round "6"]
[White "markev"]
[Black "moreffee"]
[Result "0-1"]
[WhiteElo "1384"]
[BlackElo "1457"]
[TimeControl "2700+45"]

1. d4 Nf6 2. c4 c5 3. e3 cxd4 4. exd4 d6 5. Nc3 a6 6. Be2 g6 7. Nf3 Bg7 8. O-O
O-O 9. h3 Nc6 10. a3 b5 11. Qc2 Na5 12. b4 Bf5 13. Qd1 Nxc4 14. Nh4 Bd7 15. Bf3
Rc8 16. Bb7 Rc7 17. Bd5 Nxd5 18. Nxd5 Rc6 19. Nf3 e6 20. Bg5 f6 21. Bh4 exd5 22.
Re1 Re8 23. Rf1 Qc8 24. g4 f5 25. Nh2 f4 26. Ra2 h6 27. Qd3 g5 28. Bg3 fxg3 29.
fxg3 Rf8 30. Re1 Qd8 31. Rae2 Qf6 32. Kh1 Qxd4 33. Qg6 Ne5 34. Qb1 Qd3 35. Qa2
Qc4 36. Qb1 Be8 37. Rd2 Bg6 38. Qd1 Be4+ 39. Kg1 Nd3 40. Rxe4 dxe4 41. Nf1 Qc1
42. Qe2 Bd4+ 43. Kg2 Rf2+ 44. Qxf2 Nxf2 45. Rxd4 e3 46. Nxe3 Qxe3 {White
resigns} 0-1

[Event "Team 45 45 League T26"]
[Site "Internet Chess Club"]
[Date "2005.04.23"]
[Round "6"]
[White "bigloser"]
[Black "cazj"]
[Result "0-1"]
[WhiteElo "1300"]
[BlackElo "1355"]
[TimeControl "2700+45"]

1. d4 d5 2. Nf3 Nf6 3. Bg5 Nc6 4. Nbd2 Bf5 5. e3 Nb4 6. Bb5+ c6 7. Ba4 e6 8. a3
Na6 9. O-O Bd6 10. c3 O-O 11. Qe2 Nc7 12. Bxf6 Qxf6 13. c4 Ne8 14. c5 Bc7 15.
Rac1 e5 16. dxe5 Bxe5 17. Nxe5 Qxe5 18. b4 Nf6 19. Nf3 Qc7 20. Bc2 Be4 21. Bxe4
dxe4 22. Ng5 h6 23. Nh3 Nd5 24. Rc4 f5 25. Nf4 Nxf4 26. exf4 Qxf4 27. Qa2 Kh8
28. Rcc1 Rad8 29. Qe6 Rd2 30. Rce1 Rfd8 31. Qc4 Kh7 32. Qc1 R8d3 33. Rd1 h5 34.
Rxd2 Rxd2 35. g3 Qh6 36. Rd1 e3 37. f4 Rxd1+ 38. Qxd1 g5 39. Qf3 gxf4 40. gxf4
Qg7+ 41. Kf1 Qa1+ 42. Ke2 Qa2+ 43. Ke1 Qxh2 44. Qxe3 h4 45. Qe7+ Kg6 46. Qe6+
Kh5 47. Qxf5+ Kh6 48. Qg5+ Kh7 49. Qe7+ Kg6 50. Qg5+ Kf7 51. Qh5+ Ke6 52. f5+
Ke5 53. Qf7 Qg3+ 54. Kd1 Qf3+ 55. Kc1 Qxa3+ 56. Kd1 Qf3+ 57. Ke1 Qxf5 58. Qe7+
Kd5 59. Qxh4 Qe4+ 60. Qxe4+ Kxe4 61. Kd2 Kd4 62. Kc2 Kc4 63. Kb2 Kxb4 64. Ka2
Kxc5 {White resigns} 0-1

[Event "Team 45 45 League T26"]
[Site "Internet Chess Club"]
[Date "2005.04.24"]
[Round "6"]
[White "Mutaant"]
[Black "littleboo"]
[Result "0-1"]
[WhiteElo "1192"]
[BlackElo "1231"]
[TimeControl "2700+45"]

1. e4 e5 2. Nf3 Nc6 3. Bb5 a6 4. Bc4 Bb4 5. a3 Ba5 6. b4 Bb6 7. d3 h6 8. Bb2 Nf6
9. Nxe5 Nxe5 10. Bxe5 O-O 11. O-O d5 12. Bxf6 Qxf6 13. Bxd5 Qxa1 14. c3 c6 15.
Bc4 Re8 16. Qb3 Be6 17. Bxe6 Rxe6 18. Nd2 Bxf2+ 19. Kxf2 Rf6+ 20. Nf3 Qxf1+ 21.
Kxf1 Re8 22. Ke2 Rg6 23. g3 b5 24. Ke3 Rge6 25. Nd4 Rf6 26. Nf3 Rf5 27. d4 Re6
28. Ne5 Rf1 29. Nf3 Rf6 30. Nd2 Re1+ 31. Kd3 Rh1 32. e5 Rf2 33. h4 Rhh2 34. Ne4
Rf3# {White checkmated} 0-1

[Event "Team 45 45 League T26"]
[Site "Internet Chess Club"]
[Date "2005.04.24"]
[Round "6"]
[White "Schach-Prinz"]
[Black "fuzzface"]
[Result "0-1"]
[WhiteElo "1291"]
[BlackElo "1369"]
[TimeControl "2700+45"]

1. d4 Nf6 2. Nc3 d5 3. Bg5 e6 4. e4 Bb4 5. Bd3 h6 6. Bh4 g5 7. Bg3 dxe4 8. a3
Bxc3+ 9. bxc3 exd3 10. Qxd3 c5 11. Qb5+ Nbd7 12. dxc5 a6 13. Qe2 Qa5 14. Be5
Qxc5 15. Nf3 Nxe5 16. Nxe5 Qxc3+ 17. Qd2 Qxa1+ 18. Qd1 Qxe5+ {White resigns} 0-1

[Event "Team 45 45 League T26"]
[Site "Internet Chess Club"]
[Date "2005.04.26"]
[Round "6"]
[White "Fogbound"]
[Black "SandiaCaveMan"]
[Result "0-1"]
[WhiteElo "1295"]
[BlackElo "1365"]
[TimeControl "2700+45"]

1. d4 Nf6 2. Nf3 d5 3. e3 Nc6 4. c3 Ne4 5. Nbd2 Bf5 6. Nh4 Nxd2 7. Qxd2 Bd7 8.
Bd3 e5 9. g3 e4 10. Be2 Bh3 11. a4 g5 12. Nf3 Bg2 13. Rg1 Bxf3 14. b3 Bxe2 15.
Qxe2 Qf6 16. Qb5 Rb8 17. Qxd5 Qg6 18. b4 Rd8 19. Qc4 Bg7 20. b5 Na5 21. Qxc7 Qb6
22. Qxb6 axb6 23. Ba3 Nc4 24. Bb4 Rd5 25. Ke2 Kd7 26. h4 g4 27. Rh1 h5 28. Ra2
Bf8 29. Rb1 Bxb4 30. Rxb4 Rc8 31. Kd1 Na5 32. Rc2 Rc4 33. Ke2 f5 34. Kf1 Ke6 35.
Kg2 Rd7 36. Kf1 Kd5 37. Ke2 Rdc7 38. Kd2 Rc8 39. Rc1 Rxb4 40. cxb4 Rxc1 41. Kxc1
Nc4 42. Kc2 Nd6 43. Kc3 Nc4 44. Kc2 Nd6 45. Kb3 Nc8 46. Kc3 Nd6 47. Kb3 Nc4 48.
Kc3 Na3 49. Kb3 Nb1 50. a5 Nd2+ 51. Kc3 Nc4 52. a6 Nd6 53. a7 Nxb5+ 54. Kb3 Nxa7
55. Kc3 b5 56. Kb3 b6 57. Kc3 Nc8 58. Kb3 Nd6 59. Kc3 Nc4 60. Kb3 Nd2+ 61. Kc3
Nf3 62. Kb3 Ne1 63. Kc3 Nd3 64. Kd2 Nxf2 65. Kc3 Nd3 66. Kb3 Nc1+ 67. Kc3 Ne2+
68. Kd2 Nxg3 69. Ke1 f4 70. exf4 Nf5 71. Ke2 Kxd4 72. Ke1 Ke3 73. Kd1 Kxf4 74.
Ke2 Nxh4 {White resigns} 0-1

[Event "Team 45 45 League T26"]
[Site "Internet Chess Club"]
[Date "2005.04.21"]
[Round "6"]
[White "NineMilly"]
[Black "SilverKnight"]
[Result "0-1"]
[WhiteElo "1164"]
[BlackElo "1358"]
[TimeControl "2700+45"]

1. c4 Nf6 2. d4 g6 3. Nc3 Bg7 4. e4 d6 5. Nf3 O-O 6. Bd3 e5 7. h3 Nc6 8. Be3 Nh5
9. Be2 f5 10. Bg5 Nf6 11. d5 Ne7 12. Bd3 f4 13. O-O h6 14. Bh4 g5 15. Nxg5 hxg5
16. Bxg5 Ng6 17. Be2 Qe8 18. Bxf6 Rxf6 19. Bh5 Bd7 20. a4 a6 21. Ra3 Qf8 22.
Bxg6 Rxg6 23. Qh5 Qf7 24. Qf3 Bf6 25. Rb3 b6 26. Kh2 Qh7 27. Ra3 Bg4 28. Qd3 f3
29. Rg1 Kf7 30. Ne2 fxe2 31. b4 Rag8 32. Raa1 Bh8 33. Rae1 Rf6 34. Rxe2 Bxe2 35.
Qxe2 Rfg6 36. Qf3+ Rf6 37. Qe3 Rf4 38. g3 Rxe4 39. Qf3+ Ke7 40. Rc1 Rf8 41. Qg2
Re2 42. Rf1 Qe4 43. Qg1 Qxc4 44. Qg2 Qe4 45. Qg1 Qxb4 46. Qg2 Qe4 47. Qg1 Qxa4
48. Qg2 Qd4 49. Kg1 a5 50. h4 a4 51. h5 Rexf2 52. Rxf2 Qxf2+ 53. Qxf2 Rxf2 54.
Kxf2 a3 55. Ke2 a2 56. Kd1 a1=Q+ 57. Kc2 Qa2+ 58. Kd3 Qxd5+ 59. Ke3 b5 60. h6 b4
61. h7 b3 62. g4 b2 63. g5 b1=Q 64. g6 Qb4 65. g7 Qdd4+ 66. Kf3 Qb3+ 67. Ke2
Qdb2+ 68. Ke1 Bxg7 69. h8=Q Bxh8 70. Kf1 {White resigns} 0-1

[Event "Team 45 45 League T26"]
[Site "Internet Chess Club"]
[Date "2005.04.21"]
[Round "6"]
[White "klt713"]
[Black "Tom45"]
[Result "1-0"]
[WhiteElo "1202"]
[BlackElo "1104"]
[TimeControl "2700+45"]

1. d4 d5 2. c4 dxc4 3. Nc3 Nf6 4. Nf3 Nbd7 5. e4 Nb6 6. Bxc4 Nxc4 7. Qa4+ Bd7 8.
Qxc4 c6 9. Ng5 e6 10. Nf3 b5 11. Qe2 Bb4 12. Bd2 Bxc3 13. Bxc3 O-O 14. Ne5 a5
15. O-O b4 16. Bd2 Qe7 17. Rac1 Rfc8 18. Bg5 h6 19. Bxf6 gxf6 20. Qg4+ Kh7 21.
Qh4 Rg8 22. f4 Rac8 23. Rf3 a4 24. Rh3 Rg6 25. Nxg6 fxg6 26. Qxh6+ Kg8 27. Qxg6+
Qg7 28. Qxg7+ Kxg7 29. Rg3+ Kf7 30. h4 Rh8 31. Rh3 e5 32. Rh2 exd4 33. Rc4 d3
34. Rd4 Ke7 35. Rxd3 c5 36. g3 c4 37. Rd4 c3 38. bxc3 bxc3 39. Rc2 Rc8 40. a3 f5
41. e5 Ke6 42. h5 Rh8 43. Rxc3 Rxh5 44. Rd6+ Ke7 45. Rc7 Rh3 46. Kg2 Rh8 47.
Rcxd7+ Kf8 48. Rd8+ Kg7 49. Rxh8 Kxh8 50. e6 {Black resigns} 1-0

[Event "Team 45 45 League T26"]
[Site "Internet Chess Club"]
[Date "2005.04.24"]
[Round "6"]
[White "megamaster"]
[Black "room-matt"]
[Result "1-0"]
[WhiteElo "2123"]
[BlackElo "1885"]
[TimeControl "2700+45"]

1. e4 e5 2. Nf3 Nc6 3. Bc4 Nf6 4. d3 Bc5 5. Nc3 d6 6. Na4 Bb4+ 7. c3 Ba5 8. b4
Bb6 9. Nxb6 axb6 10. O-O O-O 11. Qb3 h6 12. h3 Nh5 13. Be3 Qf6 14. Qd1 Be6 15.
Bxe6 fxe6 16. Qd2 Ne7 17. Nh2 Qg6 18. Ng4 Ra3 19. Qb2 Rfa8 20. g3 Nf6 21. Nxf6+
Qxf6 22. Kg2 Ng6 23. f3 b5 24. Bc1 R3a6 25. Qc2 d5 26. Qb3 c6 27. a3 h5 28. h4
Qf7 29. Ra2 Rd8 30. Be3 Raa8 31. a4 d4 32. Bg5 Rd7 33. axb5 Rxa2+ 34. Qxa2 cxb5
35. Rc1 Rc7 36. Qb2 Qd7 37. cxd4 Rxc1 38. Qxc1 Qxd4 39. Qd2 Nh8 40. Be3 Qd6 41.
Bc5 Qd7 42. Qe3 Nf7 43. Kf2 Kh7 44. Ke2 Qd8 45. Qd2 b6 46. Be3 g6 47. Qa2 Qd6
48. Qa7 Kg7 49. Bd2 Kf6 50. Bc3 g5 51. hxg5+ Nxg5 52. f4 Nf7 53. fxe5+ Nxe5 54.
d4 Nc6 55. Qh7 Nxd4+ 56. Bxd4+ Qxd4 57. Qh8+ {Black resigns} 1-0

[Event "Team 45 45 League T26"]
[Site "Internet Chess Club"]
[Date "2005.04.25"]
[Round "6"]
[White "rph"]
[Black "tgralex"]
[Result "1-0"]
[WhiteElo "1848"]
[BlackElo "1823"]
[TimeControl "2700+45"]

1. d4 d5 2. c4 e6 3. Nc3 Nf6 4. cxd5 exd5 5. Bg5 Be7 6. Qc2 O-O 7. e3 Be6 8. Bd3
h6 9. Bh4 Nc6 10. a3 a6 11. Nge2 b5 12. Nxb5 axb5 13. Qxc6 Bb4+ 14. Kf1 Bd7 15.
Bxf6 gxf6 16. Qxd5 Ra6 17. Rc1 Bxa3 18. bxa3 Rxa3 19. Bxb5 Bxb5 20. Qxb5 Qa8 21.
Qc6 Qa5 22. g3 Qf5 23. Kg2 Ra2 24. Nf4 Rb8 25. Rc5 Qg4 26. Qxf6 Rbb2 27. Rf1 Ra3
28. Qxh6 {Black resigns} 1-0

[Event "Team 45 45 League T26"]
[Site "Internet Chess Club"]
[Date "2005.04.24"]
[Round "6"]
[White "MrAnderssen"]
[Black "chessateer"]
[Result "0-1"]
[WhiteElo "1684"]
[BlackElo "1834"]
[TimeControl "2700+45"]

1. e4 e5 2. Nf3 Nf6 3. Bc4 Nxe4 4. Nxe5 d5 5. Qf3 Be6 6. Bb3 Bc5 7. O-O Qf6 8.
Qxf6 Nxf6 9. c3 Nbd7 10. Nxd7 Kxd7 11. d4 Be7 12. Bf4 Bd6 13. Bxd6 Kxd6 14. Nd2
Rhe8 15. Rfe1 Bf5 16. c4 c6 17. Nf3 h6 18. c5+ Kc7 19. Ne5 Re7 20. Rac1 Rae8 21.
Bc2 Bxc2 22. Rxc2 Nd7 23. Rce2 f6 24. f4 fxe5 25. fxe5 b6 26. cxb6+ axb6 27. Kf2
Nf8 28. Ke3 Ne6 29. b4 Ra8 30. Rc2 Ra3+ {White resigns} 0-1

[Event "Team 45 45 League T26"]
[Site "Internet Chess Club"]
[Date "2005.04.24"]
[Round "6"]
[White "jantonio"]
[Black "dougmo"]
[Result "1-0"]
[WhiteElo "1692"]
[BlackElo "1571"]
[TimeControl "2700+45"]

1. Nf3 d5 2. g3 Nf6 3. Bg2 c5 4. O-O Nc6 5. d3 Bg4 6. Nbd2 e6 7. h3 Bh5 8. c3
Bd6 9. e4 dxe4 10. Nxe4 Nxe4 11. dxe4 O-O 12. g4 Bg6 13. Nh4 Qc7 14. f4 f6 15.
Nxg6 hxg6 16. Qb3 Rae8 17. Qc2 f5 18. e5 Be7 19. g5 Rd8 20. Be3 Rd7 21. Bf3 Rfd8
22. Rad1 c4 23. Rxd7 Rxd7 24. Rd1 b6 25. Rxd7 Qxd7 26. Qa4 Nb8 27. Qxc4 Kf7 28.
h4 Qe8 29. h5 gxh5 30. Bxh5+ g6 31. Bf3 Qh8 32. Qc7 Qh4 33. Kf1 Qh3+ 34. Ke2
Qh2+ 35. Kd3 Qh8 36. Qxa7 Qd8+ 37. Kc2 Nd7 38. Bc6 Ke8 39. Qxd7+ Qxd7 40. Bxd7+
Kxd7 41. Bxb6 Kc6 42. Be3 Kb5 43. Kb3 {Black resigns} 1-0

[Event "Team 45 45 League T26"]
[Site "Internet Chess Club"]
[Date "2005.04.25"]
[Round "6"]
[White "ardsrfc"]
[Black "bigarrow"]
[Result "0-1"]
[WhiteElo "1803"]
[BlackElo "1882"]
[TimeControl "2700+45"]

1. b3 e5 2. Bb2 Nc6 3. e3 d5 4. Bb5 Bd6 5. f4 Qe7 6. Nf3 Bg4 7. fxe5 Bxe5 8.
Bxe5 Bxf3 9. Qxf3 Qxe5 10. Bxc6+ bxc6 11. Nc3 Nf6 12. O-O O-O 13. Qf4 Qd6 14.
Qh4 Rfe8 15. Rf4 c5 16. Raf1 Re6 17. g4 h6 18. Qf2 Rae8 19. h4 Re5 20. Qf3 Qd7
21. Rf2 d4 22. Nd1 Re4 23. g5 Rxf4 24. exf4 hxg5 25. fxg5 Qg4+ 26. Kf1 Qxf3 27.
Rxf3 Ne4 28. d3 Nd2+ 29. Kf2 Nxf3 30. Kxf3 Re1 31. Nf2 Rc1 32. Ne4 Rxc2 33. a4
Kf8 34. Kf4 Ke7 35. Ke5 c6 36. h5 Re2 37. Kf4 Rh2 38. Kg4 Rc2 39. Kf4 Rc1 40.
Kg4 f6 41. h6 fxg5 42. h7 Rh1 43. Nxg5 Rh6 44. Kf5 g6+ 45. Ke5 Rh5 46. Kf4 Kf6
47. Ne4+ Kg7 48. Ng5 a5 49. Kg4 Rxg5+ 50. Kxg5 Kxh7 51. Kf4 Kh6 52. Ke5 g5 53.
Kd6 g4 54. Kxc6 g3 55. Kxc5 g2 56. Kxd4 g1=Q+ 57. Kc4 Kg6 58. b4 Qg4+ 59. d4
axb4 60. Kxb4 Qxd4+ 61. Kb5 Qa7 62. a5 Kf6 {White resigns} 0-1

[Event "Team 45 45 League T26"]
[Site "Internet Chess Club"]
[Date "2005.04.24"]
[Round "6"]
[White "nir8888"]
[Black "Fegary"]
[Result "1-0"]
[WhiteElo "1648"]
[BlackElo "1671"]
[TimeControl "2700+45"]

1. d4 Nf6 2. Bf4 d6 3. h3 g6 4. Nf3 Bg7 5. e3 b6 6. Bd3 Bb7 7. Nbd2 O-O 8. c3
Nbd7 9. Qc2 c5 10. O-O Qc7 11. Rfe1 Rfe8 12. Bh2 Rac8 13. Rac1 Qc6 14. e4 cxd4
15. Nxd4 Qc5 16. Qd1 Bh6 17. N4f3 Nh5 18. Qb3 Nf4 19. Bb1 Ba6 20. c4 Ne5 21.
Nxe5 Qxe5 22. Qf3 Qxb2 23. Bxf4 Bxf4 24. Qxf4 b5 25. Nf3 bxc4 26. e5 dxe5 27.
Rxe5 c3 28. Bc2 Rc4 29. Qh6 f6 30. Rce1 Qxc2 31. Rxe7 Rxe7 32. Rxe7 Qb1+ 33. Kh2
g5 34. Qg7# {Black checkmated} 1-0

[Event "Team 45 45 League T26"]
[Site "Internet Chess Club"]
[Date "2005.04.24"]
[Round "6"]
[White "Mikey29a"]
[Black "Katzie"]
[Result "1-0"]
[WhiteElo "1636"]
[BlackElo "1455"]
[TimeControl "2700+45"]

1. e4 c5 2. Nf3 d6 3. d4 cxd4 4. Nxd4 Nf6 5. Nc3 g6 6. Be3 Bg7 7. Qd2 O-O 8. f3
Nc6 9. Nb3 Bd7 10. O-O-O Rc8 11. Bh6 d5 12. Bxg7 Kxg7 13. Nxd5 {Black resigns}
1-0

[Event "Team 45 45 League T26"]
[Site "Internet Chess Club"]
[Date "2005.04.26"]
[Round "6"]
[White "SeanT"]
[Black "clarinetref"]
[Result "0-1"]
[WhiteElo "1380"]
[BlackElo "1467"]
[TimeControl "2700+45"]

1. e4 c5 2. Bc4 e6 3. a3 Nc6 4. Nc3 g6 5. d3 Bg7 6. Be3 b6 7. Nf3 Nge7 8. Qc1 h6
9. Nb5 d5 10. exd5 exd5 11. Ba2 d4 12. Bf4 Kf8 13. Nd6 Be6 14. Bg3 Bxa2 15. Rxa2
Qd7 16. Qf4 f5 17. Qd2 Qe6+ 18. Qe2 Qxa2 19. O-O Qd5 20. Re1 Bf6 21. Qe6 Qxe6
22. Rxe6 Kg7 23. Nc4 Rhe8 24. Nce5 Nxe5 25. Nxe5 Nd5 26. Rxe8 Rxe8 27. Nf3 f4
{White resigns} 0-1

[Event "Team 45 45 League T"]
[Site "Internet Chess Club"]
[Date "2005.04.20"]
[Round ""]
[White "bluegrassplayer"]
[Black "slakkjaw"]
[Result "1-0"]
[WhiteElo "1204"]
[BlackElo "1198"]
[TimeControl "2700+45"]

1. e4 e5 2. Nf3 Nc6 3. Bc4 h6 4. Nc3 Bb4 5. O-O Nf6 6. Re1 Bc5 7. a3 d6 8. b4
Bd4 9. b5 Ng4 10. Nxd4 Nxd4 11. h3 h5 12. d3 Qh4 13. Be3 Nxe3 14. Rxe3 Be6 15.
Nd5 Bxd5 16. Bxd5 c6 17. bxc6 bxc6 18. Bc4 Kd7 19. c3 Ne6 20. Rb1 Nc5 21. Qf3
Rhf8 22. d4 f5 23. dxc5 Qg5 24. exf5 Rxf5 25. Rb7+ Ke8 26. Qxc6+ Kf8 27. Qxd6+
Ke8 28. Re7+ Qxe7 29. Qc6+ Qd7 30. Qxa8+ Ke7 31. Rd3 Qa4 32. Qb7+ Kf6 33. Qf7+
Kg5 34. Rg3+ Kf4 35. Rf3+ Kg5 36. Qxf5+ Kh4 37. g3# {Black checkmated} 1-0

[Event "Team 45 45 League T26"]
[Site "Internet Chess Club"]
[Date "2005.04.22"]
[Round "6"]
[White "Knight-Rookie"]
[Black "DayDream01"]
[Result "1-0"]
[WhiteElo "1402"]
[BlackElo "1058"]
[TimeControl "2700+45"]

1. e4 g6 2. d4 Bg7 3. Nf3 Nc6 4. Bb5 a6 5. Ba4 Nf6 6. Nbd2 e6 7. O-O b5 8. Bb3
Bb7 9. Re1 O-O 10. Nf1 Na5 11. Bg5 Nxb3 12. axb3 d5 13. e5 c6 14. Ne3 h6 15.
Bxf6 Bxf6 16. exf6 Qxf6 17. Ng4 Qg7 18. Nfe5 f6 19. Nd3 h5 20. Nc5 hxg4 21. Nxe6
Qd7 22. Nxf8 Kxf8 23. Qd2 g5 24. f4 g3 25. hxg3 Qg4 26. fxg5 fxg5 27. Rf1+ Kg7
28. Qf2 Kh6 29. Qf6+ Kh5 30. Qf7+ Kh6 31. Rf6# {Black checkmated} 1-0

[Event "Team 45 45 League T26"]
[Site "Internet Chess Club"]
[Date "2005.04.23"]
[Round "6"]
[White "pumba"]
[Black "houseofcook"]
[Result "1-0"]
[WhiteElo "1468"]
[BlackElo "1330"]
[TimeControl "2700+45"]

1. e4 e6 2. d4 d5 3. Nd2 c5 4. exd5 Qxd5 5. Ndf3 Nc6 6. c3 a6 7. Be3 c4 8. Ne2
b5 9. Nf4 Qd8 10. Ne5 Nxe5 11. dxe5 Bd7 12. Qf3 Qc7 13. Qxa8+ Qc8 14. Qxc8+ Bxc8
15. Rd1 g6 16. Bb6 Bd7 17. Be2 Bg7 18. Bc7 Ne7 19. Bf3 f6 20. exf6 Bxf6 21. O-O
Bg5 22. Nxe6 Bf6 23. Rfe1 Bxe6 24. Rxe6 Kf7 25. Rdd6 Bg5 26. Rxa6 Rc8 27. Be5
Ke8 28. Ra8 Rxa8 29. Bxa8 Kd7 30. Rd6+ Ke8 31. Bc6+ Kf8 32. Bxb5 Nf5 33. Rd7 Ne7
34. Rd8+ Kf7 35. Bxc4+ {Black resigns} 1-0

[Event "Team 45 45 League T26"]
[Site "Internet Chess Club"]
[Date "2005.04.30"]
[Round "6"]
[White "Prop"]
[Black "Tomate"]
[Result "0-1"]
[WhiteElo "1294"]
[BlackElo "1364"]
[TimeControl "2700+45"]

1. e4 c5 2. Nf3 Nc6 3. Bc4 e6 4. O-O Bd6 5. c3 Na5 6. Na3 Nxc4 7. Nxc4 Qc7 8. d4
b6 9. dxc5 Bxc5 10. b4 Be7 11. e5 Qxc4 12. Qd4 Ba6 13. Rd1 Rd8 14. Be3 f6 15.
Rd2 fxe5 16. Nxe5 Bf6 17. Qxc4 Bxc4 18. Nxc4 Bxc3 19. Nd6+ Ke7 20. Rad1 Bxd2 21.
Rxd2 Nf6 22. g3 h6 23. a4 g5 24. a5 bxa5 25. bxa5 Ne8 26. Nxe8 Kxe8 27. Bxa7 Ra8
28. Bb6 Ke7 29. Ra2 Rhb8 30. Rc2 Rc8 31. Rc7 Rxc7 32. Bxc7 Rc8 33. Bb6 Kd6 34.
a6 Ra8 35. a7 Kc6 36. Be3 e5 37. f3 d5 38. f4 d4 39. Bf2 gxf4 40. gxf4 Kd5 41.
f5 Rxa7 42. f6 Rf7 43. Bh4 Ke4 44. Kf1 Kd3 45. Ke1 e4 {White resigns} 0-1